Nibbanor, chaotic male elven Ranger ---- --..| |...---- --- --......| --.----.......---- |................-- |...-------.......| ---.--- |.>....-| |@d.| ----....| |)--- --..-- - |.| ----- |.-| .. |)| |...---[.-- -- -.--- |.| --.....)...| |....... |...-- --G| ---.........-| |................. ----.<.------..| ---............| -.............................*.......| |.......---...-- ----- ----.. ------.-------- --......---..-| --- --- --...........| |..--......-- ---------.-- --- Nibbanor the Lookout Experience level: 3 Strength: 15 Dexterity: 11 Constitution: 16 Intelligence: 13 Wisdom: 14 Charisma: 7 Health: 0(28) Energy: 18(18) Def: 3 Gold: 93 Moves: 2498 Dungeon seed: LYYPccVhK-M_2YCT Game ID: Nibbanor_1554312624 Your Inventory: Coins $ - 93 gold pieces Weapons a - a +1 elven dagger (weapon in hand) b - a blessed +1 elven bow (alternate weapon; not wielded) c - 51 +2 elven arrows (in quiver) d - 32 +0 elven arrows Armor e - an uncursed +2 elven cloak (being worn) z - a blessed +0 dwarvish cloak N - a blessed +1 pair of iron shoes Comestibles o - an uncursed tripe ration p - an uncursed partly eaten lembas wafer B - an uncursed dwarf corpse Spellbooks k - an uncursed spellbook of identify Potions A - an uncursed potion of oil Tools t - an uncursed pair of lenses x - a +0 pick-axe Gems n - an uncursed worthless piece of black glass q - 3 uncursed worthless pieces of yellow glass r - an uncursed jade stone y - an uncursed worthless piece of green glass Spells and supernatural/magical abilities: Name Level Category Fail Memory I - identify 3 divination 100% 92% W - pray for help -- divine ? -- Your skills at the end: Fighting Skills Weapon Skills dagger [Basic] bow [Basic] Spellcasting Skills Final Attributes: You were piously aligned. You had automatic searching. You had infravision. You were stealthy. You are dead. Vanquished creatures: a shrieker a gnome lord 2 dwarves an acid blob a hobbit a brown mold a yellow mold 7 gnomes 3 garter snakes a gnome zombie a gecko 3 jackals a kobold 3 goblins a sewer rat 4 grid bugs 4 lichens a kobold zombie 6 newts 43 creatures vanquished. Voluntary challenges: You followed a strict vegan diet. You were an atheist. You used a wielded weapon 32 times, starting on turn 28. You read items or engraved 14 times, starting on turn 14. You never genocided any monsters. You never polymorphed an object. You never changed form. You used no wishes. You never split a pudding. You never wrote Elbereth's name. You never violated your personal moral code. Dungeon overview: The Dungeons of Doom: levels 1 to 3 Level 1 a fountain a long staircase Level 2 Level 3 stairs to The Gnomish Mines The Gnomish Mines: Level 4 <- You were here stairs to The Dungeons of Doom History has recorded: On T:1 you entered the Dungeons of Doom to retrieve the Amulet of Yendor! On T:618 you reached level 2 of The Dungeons of Doom. On T:1449 you advanced to experience level 2. On T:1751 you reached level 3 of The Dungeons of Doom. On T:2006 you advanced to experience level 3. On T:2265 you reached level 1 of The Gnomish Mines. Score breakdown: Gold: 93 ( 6711 points) Experience: 3 levels ( 7878 points) Exploration: 4 levels ( 7.69%) ( 7276 points) Discoveries: 4 items ( 1.38%) ( 3523 points) Valuables value: (no points given unless you survive) Artifact value: 0 ( 0 points) Variety of kills: 19 monsters ( 4.99%) ( 6699 points) Turncount: 2498 turns ( -329 points) Survival: died (score multiplied by 80%) Total score: 25406 Latest messages: This lembas wafer is delicious! You finish eating the lembas wafer. You don't have enough stamina to move. (8x) This lembas wafer is delicious! You're having a hard time getting all of it down. You finish eating the lembas wafer. You don't have enough stamina to move. (22x) You displace Sirius. The gnome lord throws a dagger! You are hit by a dagger. You don't have enough stamina to move. The gnome lord throws a dagger! You are hit by a dagger. The elven arrow misses Sirius. The gnome lord throws a dagger! You are hit by a dagger. You die... Final status: Goodbye Nibbanor the Ranger, killed by a dagger... You died in The Gnomish Mines on dungeon level 4 with 25406 points, and 93 pieces of gold, after 2498 moves. You were level 3 with a maximum of 28 hit points when you died.